AoeStats
← DJ Blyatman!

MegaRandom

507048011Analyzed
4v4 RM · 17d ago on Sep 16, 2026· 19m 58s· 8 players
Game mode
Random Map
Map size
Large (8 player)
Population
200
Speed
Normal
Resources
Standard
Victory
Conquest
Starting age
Dark Age
Ending age
Imperial Age
RankedLock teamsTeams togetherTeam positionsShared explorationLock speedFull tech treeHidden civsTurbo modeCheats
Victory
Defeat
🇨🇳 Shu · China
1244
+13
🇮🇹 Slavs · Italy
1230
+14
🇨🇳 Magyars · China
1222
+14
🇹🇼 Khmer · Taiwan
1221
+14
🇹🇷 Britons · Türkiye
1206
-14
🇲🇽 Franks · Mexico
1199
-14
🇺🇸 Khitans · United States
1183
-14
🇪🇸 Cumans · Spain
1159
-13
Party Cannon
6:39 Loom
10:34 Feudal Age
11:34 Double-Bit Axe
13:16 Domestication
16:16 Forging
20:40 Castle Age
19:10 Fletching
[VL]_EoMeR_
2:05 Loom
11:02 Feudal Age
15:47 Castle Age
15:26 Scale Mail Armor
16:43 Scale Barding Armor
17:22 Forging
19:19 Chain Barding Armor
KePaSaMiaRMa!!
2:16 Loom
11:39 Feudal Age
16:54 Castle Age
19:05 Wheelbarrow
Gılgamesh 𒄑𒂅𒈦
0:46 Loom
l852693
10:12 Feudal Age
10:02 Loom
11:51 Double-Bit Axe
16:33 Castle Age
14:36 Horse Collar
16:13 Fletching
16:23 Padded Archer Armor
16:18 Gold Mining
17:33 Crossbowman
18:37 Bow Saw
18:38 Bodkin Arrow
19:26 Forging
20:08 Ballistics
DJ Blyatman!
1:52 Loom
9:34 Feudal Age
14:08 Castle Age
12:27 Horse Collar
12:39 Double-Bit Axe
15:50 Wheelbarrow
15:06 Fletching
15:29 Bow Saw
15:53 Gold Mining
18:44 Husbandry
19:17 Bodkin Arrow
T - T
1:25 Loom
9:11 Feudal Age
15:58 Castle Age
15:39 Double-Bit Axe
17:32 Crossbowman
18:19 Thumb Ring
lillithadam20
5:57 Loom
11:28 Feudal Age
15:55 Castle Age
13:39 Horse Collar
14:30 Double-Bit Axe
15:59 Wheelbarrow
17:32 Bow Saw
Connection lost

Rejoining the realm…

Still unreachable

The connection could not be restored.

Session expired

The server has moved on; the page needs a fresh start.